Map: Ruines d’Endion

Players

Muody

  • Race: Zerg Zerg
  • League: Silver
  • Spawn Location: 7:00

zidar - Winner!

  • Race: Zerg Zerg
  • League: Gold
  • Spawn Location: 5:00

VOD

Have the link to the VOD?

Description

Time

  • Played on: June 14, 2016, 11:36 a.m.
  • Length: 7:30
Show
View Real Time Build Order
Export as new Build Order

Muody Zerg 

Build Orders: 1 Base Baneling Bust, Pool First 

Get SALT Encoding   

  12  0:00  Drone  
  13  0:11  Drone  
  14  0:27  Spawning Pool  
  13  0:30  Drone  
  14  0:38  Overlord  
  14  0:46  Extractor  
  14  0:47  Drone  
  14  0:56  Drone x2  
  16  1:02  Drone  
  17  1:13  Queen  
  19  1:25  Spine Crawler, Zergling x2  
  19  1:28  Zergling x2  
  20  1:38  Zergling x2  
  21  1:46  Metabolic Boost  
  21  1:50  Overlord  
  21  1:56  Drone  
  22  2:08  Drone  
  23  2:17  Queen  
  23  2:18  Drone  
  26  2:24  Zergling x6  
  29  2:36  Baneling Nest  
  28  2:38  Extractor  
  27  3:05  Overlord x3  
  26  3:23  Zergling x4  
  26  3:24  Zergling x2  
  25  3:50  Zergling x4  
  17  4:03  Zergling x2  
  15  4:13  Zergling x2  
  14  4:19  Drone  
  14  4:37  Baneling x3  
  14  4:38  Zergling x2  
  14  4:39  Zergling x2  
  14  4:42  Drone x3  
  14  4:45  Queen  
  21  4:50  Zergling x2  
  21  5:01  Zergling x2  
  22  5:14  Hatchery  
  22  5:18  Zergling x2  
  22  5:19  Zergling x4  
  23  5:29  Drone  
  22  5:52  Zergling x8  
  25  6:13  Lair  
  25  6:21  Drone x3  
  25  6:22  Roach Warren  
  25  6:26  Baneling x3  
  25  6:27  Baneling x2  
  25  6:30  Drone x3  
  27  6:42  Drone x4  
  31  6:52  Queen  
  33  6:57  Drone  
Show
View Real Time Build Order
Export as new Build Order

zidar Zerg - Winner!

Build Orders: Pool First 

Get SALT Encoding   

  12  0:01  Drone  
  13  0:13  Overlord  
  13  0:18  Drone  
  14  0:31  Drone x2  
  16  0:43  Spawning Pool  
  16  0:46  Drone  
  16  0:51  Extractor  
  16  0:52  Drone  
  16  1:01  Overlord  
  16  1:17  Overlord  
  16  1:40  Queen  
  16  1:42  Zergling x6  
  21  1:50  Metabolic Boost  
  21  1:59  Zergling x2  
  22  2:05  Zergling x2  
  23  2:17  Zergling x2  
  24  2:32  Zergling x2  
  25  2:47  Pneumatized Carapace  
  25  2:50  Zergling x2  
  25  2:51  Zergling x2  
  27  2:54  Zergling x6  
  30  3:25  Zergling x2  
  30  3:26  Zergling x4  
  33  3:37  Roach Warren  
  22  4:06  Zergling x8  
  23  4:19  Extractor  
  21  4:31  Hatchery  
  21  4:34  Roach  
  21  4:35  Roach x2  
  25  4:43  Drone  
  26  4:48  Drone x3  
  25  5:03  Roach  
  27  5:13  Roach x4  
  33  5:53  Queen  
  33  5:56  Roach x4  
  43  6:09  Overlord x2  
  43  6:10  Overlord  
  43  6:31  Roach x2  
  43  6:32  Roach  
  49  6:35  Drone  
  50  6:53  Roach x2  
  50  6:54  Roach  
Tags
 
Add a new tag
Caveats
  • Supply blocks, unpowered buildings, or Contaminate may cause inaccurate times.
  • Supply counts are checked every 10 seconds.